 Dungeon Crawl Stone Soup version 0.26-a0-1205-g4083c211ab (webtiles) character file.

Game seed: 5436267455358820285

33 tatocazan the Bolt Thrower (level 3, -4/28 HPs)
             Began as a Demonspawn Hunter on Dec 29, 2020.
             Slain by an orc
             ... wielding a +0 hand axe
              (5 damage)
             ... on level 2 of the Dungeon.
             The game lasted 00:01:40 (1883 turns).

tatocazan the Bolt Thrower (Demonspawn Hunter)      Turns: 1883, Time: 00:01:40

Health: -4/28      AC:  3    Str: 13    XL:     3   Next: 12%
Magic:  3/3        EV: 12    Int: 12    God:
Gold:   65         SH:  0    Dex: 13    Spells: 2/2 levels left

rFire    . . .     SeeInvis .   i - +0 dagger (speed)
rCold    + . .     Faith    .   (no shield)
rNeg     . . .     Spirit   .   c - +0 leather armour
rPois    .         Reflect  .   (no helmet)
rElec    .         Harm     .   (no cloak)
rCorr    .         Rampage  .   (no gloves)
Will     .....                  (no boots)
Stlth    ++........             (no amulet)
HPRegen  0.09/turn              (no ring)
MPRegen  0.08/turn              (no ring)

@: no status effects
A: cold resistance 1
a: no special abilities


You were on level 2 of the Dungeon.
You visited 1 branch of the dungeon, and saw 2 of its levels.

You collected 65 gold pieces.

Inventory:

Hand Weapons
 a - a +1 hand crossbow
 b - a +0 short sword
 i - a +0 dagger of speed (weapon)
Missiles
 d - 35 bolts
Armour
 c - a +0 leather armour (worn)
 l - a +0 chain mail
Scrolls
 e - a scroll of identify {unknown}
 h - a scroll of blinking {unknown}
 j - 2 scrolls of fear {unknown}
 m - a scroll of noise {unknown}
 n - a scroll of immolation {unknown}
 o - a scroll of magic mapping {unknown}
 p - a scroll of teleportation {unknown}
Potions
 k - a potion of mutation {unknown}


   Skills:
 + Level 2.4 Fighting
 + Level 3.9 Crossbows
 + Level 0.0 Armour
 + Level 2.2 Dodging
 - Level 1.6 Stealth


You had 2 spell levels left.
You didn't know any spells.
Your spell library was empty.

Dungeon Overview and Level Annotations

Branches:
Dungeon (2/15)

Altars:
Fedhas


Innate Abilities, Weirdness & Mutations

Your flesh is cold resistant. (rC+)


Message History

Something tries to affect you, but you resist.
You take 3 damage, and have 14/28 hp.
The orc hits you but does no damage.
You bump into the rock wall.
Something hits you. The orc hits you with a +0 hand axe.
You take 4 damage, and have 10/28 hp.
You closely miss the orc. You hit the orc.
The orc is heavily wounded.
Something hits you. The orc hits you with a +0 hand axe.
* * * LOW HITPOINT WARNING * * *
You take 6 damage, and have 4/28 hp.
MASSIVE DAMAGE!!
You bump into the rock wall.
Something barely misses you. The orc closely misses you.
You bump into the rock wall.
You feel less confused. Something hits you.
* * * LOW HITPOINT WARNING * * *
The orc hits you with a +0 hand axe.
You die...

## .# #.##### #...........
....... #.#.#.#....#
##.#### #.#.#.#....+
....... ##+#.#.#.#....
###.### #........#... ..##
#.....?..#.. #.##
#........#.# #######.##
#.......##@# ..........
#........{o# ######.##
##'#.##...o....# #.##
#.#.###################..#
#.#.. ..........#
#######.#### ########..#
........##### #..#
............# #...
............# #.#.


You could see 2 orcs.

Vanquished Creatures
  An adder (D:2)
  A worm (D:2)
  A dart slug (D:1)
  3 bats
  4 goblins
  2 hobgoblins (D:1)
  2 frilled lizards
  2 kobolds (D:1)
  4 rats (D:1)
20 creatures vanquished.

Notes
Turn   | Place    | Note
-------+----------+-------------------------------------------
     0 | D:1      | tatocazan the Demonspawn Hunter began the quest for the
                  | Orb.
     0 | D:1      | Reached XP level 1. HP: 16/16 MP: 1/1
   184 | D:1      | Reached skill level 1 in Stealth
   731 | D:1      | Gained mutation: Your flesh is cold resistant. (rC+)
                  | [demonic ancestry]
   731 | D:1      | Reached XP level 2. HP: 22/22 MP: 2/2
  1218 | D:2      | Found a blossoming altar of Fedhas.
  1660 | D:2      | Reached XP level 3. HP: 24/28 MP: 3/3
  1883 | D:2      | HP: 1/28 [something (3)]
  1883 | D:2      | Slain by an orc

Illustrated notes

Levels and vault maps discovered:
D:1:      scummos_arrival_simple_crosswalls, layout_basic
D:2:      layout_basic, fedhas_altar_1, minmay_misc_feat_five,
          uniq_crazy_yiuf_cottage

Skill      XL: |  1 |
---------------+----+-----
Stealth        | 1 |  1.6
Dodging        | 2 |  2.2
Fighting       | |  2.4
Crossbows      | |  3.9

Action                   || total
-------------------------++-------
Melee: Short sword       ||    42
       Dagger            ||   115
  Use: Potion            ||     3
 Stab: Sleeping          ||     2
Armor: Leather armour    ||    49
Dodge: Dodged            ||    85

Table legend: (Time is in decaauts)
 A = Elapsed time spent in this place.
 B = Non-inter-level travel time spent in this place.
 C = Inter-level travel time spent in this place.
 D = Time resting spent in this place.
 E = Time spent auto-exploring this place.
 F = Levels seen in this place.
 G = Mean time per level.
                   A        B        C        D        E       F      G
               +--------+--------+--------+--------+--------+-----+--------+
         Total |   1849 |   1840 |      9 |    279 |   1263 |   2 |  924.5 |
       Dungeon |   1849 |   1840 |      9 |    279 |   1263 |   2 |  924.5 |
               +--------+--------+--------+--------+--------+-----+--------+

Top non-repeatable levels by time:
     D:1: 1461 daAuts
     D:2: 388 daAuts
